And, neutral male human Tourist ------- --------------- |[....| |.............| |.....| |............>| |.....| --------- ------------ |.......^.....| -----|- |........#########|..........| -------- |.............| # #........| #|..........-####|......| #|.............| # ###|.......-#########|..........| #.......| :--|-------|---- # # --------- ##|..........| |<......###e@### # # ### ##...........| |......| r# # ### # #--#--------- -----.-- # # # # ################################ ## -|---# ) # ---|- |...|# ### # |.^.| |....# # # |...| |...| -----------|--# |...| |....###########################0 |.............# |...| |..>| #####-............| ----- ----- -------------- And the Sightseer Experience level: 5 Strength: 14 Dexterity: 14 Constitution: 15 Intelligence: 13 Wisdom: 10 Charisma: 16 Health: 0(41) Energy: 13(13) AC: 4 Gold: 49 Moves: 4078 Your Inventory: Coins $ - 49 gold pieces Weapons a - 34 blessed +2 darts (in quiver) m - an [uncursed] +0 orcish dagger r - a blessed +0 orcish dagger (weapon in hand) G - an [uncursed] corroded +0 orcish dagger Armor i - an uncursed +0 Hawaiian shirt (being worn) n - a [blessed] +0 chain mail (being worn) q - an [uncursed] +0 orcish helm (being worn) A - an uncursed +0 pair of levitation boots Comestibles c - an uncursed partly eaten slime mold f - 2 uncursed food rations l - 2 [uncursed] lichen corpses Scrolls h - 4 uncursed scrolls of magic mapping p - an uncursed scroll of enchant armor C - a [cursed] scroll labeled TEMOV [of enchant weapon] Spellbooks J - an [uncursed] colorful spellbook [of cure sickness] K - an [uncursed] dark blue spellbook [of cancellation] Potions g - 2 uncursed potions of extra healing L - an [uncursed] luminescent potion [of booze] Wands I - an [uncursed] iridium wand [of speed monster (0:8)] Tools j - an uncursed expensive camera (0:82) k - an uncursed credit card u - an [uncursed] tin whistle Spells known in the end: Name Level Category Fail Memory Your skills at the end: Fighting Skills Weapon Skills dart [Basic / Expert] Spellcasting Skills Final Attributes: You were devoutly aligned. Hunger level was 197. Your alignment was 16 / 30. Monster difficulty range was 0 - 3. Level difficulty was 2. Your luck was zero. You are dead. Vanquished creatures: a small mimic 2 homunculi 2 orc zombies an iguana a hobbit 5 manes 3 giant rats a cave spider 2 brown molds a yellow mold a green mold a gecko 9 jackals 2 foxes 2 kobolds 6 goblins a sewer rat 7 grid bugs a bat 4 lichens a kobold zombie 5 newts 59 creatures vanquished. Voluntary challenges: You were an atheist. You used a wielded weapon 60 times. You read items or engraved 165 times. You put on armor 6 times. You never genocided any monsters. You never polymorphed an object. You never changed form. You used no wishes. You wrote Elbereth's name 116 times. You never encountered a bones level. You never used any Sokoban shortcuts. Dungeon overview: The Dungeons of Doom: levels 1 to 4 Level 1 a long staircase Level 2 <- You were here a general store stairs to The Gnomish Mines Level 3 a fountain The Gnomish Mines: Level 3 stairs to The Dungeons of Doom History has recorded: On T:1 you entered the Dungeons of Doom to retrieve the Amulet of Yendor! On T:1145 you reached level 2 of The Dungeons of Doom. On T:1784 you advanced to experience level 2. On T:2308 you reached level 1 of The Gnomish Mines. On T:2415 you advanced to experience level 3. On T:2665 you advanced to experience level 4. On T:3128 you reached level 3 of The Dungeons of Doom. On T:3341 you reached level 4 of The Dungeons of Doom. On T:3372 you advanced to experience level 5. Latest messages: [HP-1=21] The giant rat bites! [HP-1=20] The giant rat just misses! The giant rat bites! [HP-1=19] The giant rat bites! [HP-3=16] The giant rat bites! [HP-2=14] The giant rat bites! [HP-2=12] The giant rat bites! [HP-3=9] The giant rat bites! [HP-3=6] The giant rat bites! [HP-1=5] The giant rat bites! [HP-2=3] The giant rat misses. The giant rat bites! [HP-2=1] The giant rat bites! You die... Final status: Aloha And the Tourist... You died in The Dungeons of Doom on dungeon level 2 with 752 points, and 49 pieces of gold, after 4078 moves. You were level 5 with a maximum of 41 hit points when you died.